Map: [ESL] Waterfall

Players

Harstem

  • Race: Protoss Protoss
  • Spawn Location: 1:00

herO - Winner!

  • Race: Protoss Protoss
  • Spawn Location: 7:00

Event: DreamHack SC2 Masters 2022 Atlanta (Offline)

VOD

Have the link to the VOD?

Description

Time

  • Played on: Nov. 18, 2022, 5:22 p.m.
  • Length: 7:31

All games in this series

Show
View Real Time Build Order
Export as new Build Order

Harstem Protoss 

Build Orders: Phoenix Opening, Dark Templar Rush 

Get SALT Encoding   

  12  0:00  Probe  
  13  0:12  Probe  
  14  0:17  Pylon  
  14  0:24  Probe  
  15  0:36  Gateway, Probe (Chrono Boost)  
  16  0:46  Probe (Chrono Boost), Assimilator  
  17  0:51  Probe (Chrono Boost)  
  17  0:55  Assimilator  
  18  1:03  Probe (Chrono Boost)  
  19  1:09  Gateway  
  19  1:13  Probe (Chrono Boost)  
  20  1:20  Probe  
  21  1:26  Cybernetics Core  
  21  1:32  Probe  
  22  1:37  Pylon  
  22  1:44  Probe  
  23  1:56  Pylon  
  23  1:58  Probe  
  23  2:00  Warp Gate (Chrono Boost)  
  24  2:02  Sentry  
  28  2:14  Pylon  
  29  2:26  Nexus  
  29  2:29  Probe  
  27  2:34  Stalker  
  27  2:35  Phoenix  
  28  2:39  Pylon  
  29  2:48  Stalker  
  29  2:50  Probe  
  31  3:02  Probe  
  31  3:04  Sentry  
  34  3:09  Twilight Council  
  34  3:14  Probe (Chrono Boost)  
  35  3:27  Probe (Chrono Boost)  
  36  3:35  Probe (Chrono Boost)  
  36  3:39  Probe (Chrono Boost)  
  36  3:40  Phoenix  
  36  3:41  Probe  
  38  3:47  Dark Shrine  
  39  3:51  Probe  
  39  3:53  Probe  
  41  3:57  Nexus  
  41  4:00  Blink (Chrono Boost)  
  41  4:03  Probe  
  41  4:09  Probe  
  43  4:15  Shield Battery  
  43  4:20  Stalker  
  43  4:23  Probe  
  42  4:25  Probe  
  42  4:27  Stalker  
  44  4:35  Probe  
  44  4:37  Probe  
  46  4:39  Pylon  
  46  4:41  Assimilator  
  46  4:43  Stalker  
  48  4:47  Probe  
  48  4:49  Probe  
  48  4:51  Shield Battery  
  50  4:56  Stalker  
  50  4:57  Pylon  
  50  4:59  Probe  
  53  5:03  Probe  
  54  5:08  Dark Templar  
  54  5:11  Probe  
  57  5:16  Gateway x2, Probe  
  57  5:20  Stalker  
  60  5:24  Shield Battery  
  60  5:26  Probe  
  62  5:31  Robotics Facility  
  62  5:32  Probe  
  62  5:33  Probe  
  63  5:38  Probe  
  63  5:42  Sentry  
  66  5:44  Probe  
  66  5:46  Sentry  
  66  5:47  Probe  
  66  5:48  Pylon  
  70  5:55  Probe  
  68  6:01  Probe x2  
  68  6:02  Pylon  
  68  6:07  Probe  
  68  6:08  Stalker  
  69  6:13  Probe x2  
  69  6:14  Stalker x2  
  69  6:18  Observer (Chrono Boost)  
  69  6:19  Probe  
  69  6:25  Probe x2, Stalker  
  68  6:31  Probe  
  67  6:37  Probe x2, Stalker  
  70  6:41  Pylon  
  70  6:44  Stalker  
  73  6:50  Stalker  
  73  6:53  Stalker  
  76  6:56  Probe x2  
  76  6:59  Shield Battery  
  74  7:08  Stalker x2  
  65  7:17  Stalker x2  
Show
View Real Time Build Order
Export as new Build Order

herO Protoss - Winner!

Build Orders: Oracle Opening, Blink Stalkers, Zealot Archon 

Get SALT Encoding   

  12  0:00  Probe  
  13  0:12  Probe  
  14  0:17  Pylon  
  14  0:24  Probe  
  15  0:35  Gateway  
  15  0:37  Probe (Chrono Boost)  
  16  0:43  Assimilator  
  16  0:49  Probe (Chrono Boost)  
  17  0:54  Probe (Chrono Boost)  
  19  1:04  Probe (Chrono Boost)  
  19  1:05  Assimilator  
  19  1:07  Pylon  
  19  1:13  Probe (Chrono Boost)  
  20  1:18  Probe (Chrono Boost)  
  20  1:23  Cybernetics Core  
  21  1:30  Probe  
  21  1:32  Zealot  
  24  1:42  Probe  
  25  1:54  Probe  
  25  2:00  Stalker  
  25  2:01  Warp Gate  
  28  2:30  Stalker  
  28  2:33  Nexus  
  30  2:40  Gateway  
  30  2:43  Pylon  
  30  2:46  Probe  
  31  2:53  Shield Battery  
  31  3:01  Probe (Chrono Boost)  
  31  3:02  Sentry  
  34  3:08  Twilight Council  
  34  3:14  Probe (Chrono Boost)  
  34  3:22  Probe (Chrono Boost)  
  34  3:26  Oracle  
  35  3:28  Probe  
  36  3:35  Gateway  
  36  3:40  Probe  
  37  3:45  Probe  
  37  3:47  Blink (Chrono Boost)  
  38  3:48  Adept x2  
  42  3:57  Probe x2  
  44  4:09  Probe x2  
  46  4:10  Dark Shrine  
  46  4:19  Adept x2  
  46  4:23  Probe  
  46  4:24  Probe  
  52  4:30  Robotics Facility  
  48  4:32  Pylon  
  48  4:36  Probe  
  48  4:37  Probe  
  50  4:47  Stalker x2  
  50  4:50  Probe x2  
  56  4:55  Stalker  
  58  5:01  Assimilator  
  58  5:02  Gateway  
  58  5:06  Probe x2  
  60  5:12  Pylon  
  60  5:15  Pylon  
  60  5:23  Dark Templar  
  62  5:30  Observer (Chrono Boost)  
  62  5:34  Gateway x2  
  63  5:36  Dark Templar  
  65  5:43  Warp Prism (Chrono Boost)  
  67  5:52  Dark Templar  
  69  5:59  Nexus  
  69  6:01  Probe x2  
  71  6:12  Pylon  
  71  6:14  Probe x2  
  73  6:21  Stalker x2  
  77  6:28  Probe  
  77  6:30  Probe  
  79  6:33  Pylon x2  
  79  6:34  Shield Battery  
  77  6:41  Archon  
  77  6:45  Stalker x4  
  85  6:53  Probe x2  
  87  6:54  Stalker  
  87  6:55  Stalker  
  91  7:02  Observer (Chrono Boost)  
  89  7:13  Stalker x3  
  88  7:16  Probe x2  
  87  7:23  Stalker  
Tags
 
Add a new tag
Caveats
  • Supply blocks, unpowered buildings, or Contaminate may cause inaccurate times.
  • Supply counts are checked every 10 seconds.